 Dungeon Crawl Stone Soup version 0.17-b1-36-g7b1967c (console) character file.

63 gw the Skirmisher (level 3, 0/33 HPs)
             Began as a Draconian Fighter on Nov 7, 2015.
             Slain by a giant gecko (1 damage)
             ... on level 2 of the Dungeon.
             The game lasted 00:02:10 (1688 turns).

gw the Skirmisher (Draconian Fighter)               Turns: 1688, Time: 00:02:10

Health: 0/33       AC:  6    Str: 18    XL:     3   Next: 89%
Magic:  3/3        EV: 10    Int:  8    God:
Gold:   95         SH:  0    Dex: 11    Spells: 0 memorised, 2 levels left

rFire  . . .     SeeInvis .     a - +0 flail
rCold  . . .     Clarity  .     (armour unavailable)
rNeg   . . .     SustAt   .     b - +0 shield
rPois  .         Gourm    .     (helmet restricted)
rElec  .         Spirit   .     e - +0 cloak
rCorr  .         Warding  .     (no gloves)
rMut   .         Stasis   .     (no boots)
MR     .....                    (no amulet)
Stlth  +.........               (no ring)
                                (no ring)

@: confused, not resistant to hostile enchantments, very unstealthy
A: unfitting armour, cold-blooded, AC +5
a: no special abilities


You were on level 2 of the Dungeon.
You were not hungry.

You visited 1 branch of the dungeon, and saw 2 of its levels.

You collected 95 gold pieces.

Inventory:

Hand Weapons
 a - a +0 flail (weapon)
Missiles
 c - 23 bolts
 f - 4 bolts of penetration
Armour
 b - a +0 shield (worn)
 e - a +0 cloak (worn)
Comestibles
 d - 4 bread rations


   Skills:
 + Level 3.8 Fighting
 * Level 3.1 Maces & Flails
 + Level 2.9 Dodging
 + Level 3.5 Shields


You had 2 spell levels left.
You didn't know any spells.

Dungeon Overview and Level Annotations

Branches:
Dungeon (2/15)

Altars:

Annotations:
D:2 Sigmund


Innate Abilities, Weirdness & Mutations

Your plain brown scales are hard (AC +5).
Your body does not fit into most forms of armour.
You are cold-blooded and may be slowed by cold attacks.


Message History

The giant gecko bites you but does no damage.
Unknown command.
Unknown command.
Unknown command.
MOVING TO (7,1)
You bump into the rock wall.
Something hits you but does no damage. The giant gecko misses you.
Unknown command.
Unknown command.
Unknown command.
MOVING TO (6,2)
Something hits you.
Unknown command.
Unknown command.
Unknown command.
MOVING TO (5,1)
You barely miss the giant gecko.
You tail-slap the giant gecko, but do no damage.
The giant gecko barely misses you. The giant gecko bites you.
You die...

######## # #. #......# ###
#.# #.####.# #.. #####.# #.#
#.# #.. ...#.# #.# #.# #..
####.#.# #.# #.######..
.......###.####.........
........................
##.#.d.#..............
.########.#l#.###############
>..%.......{.................
#########.#.#.##########.####
#.#.#... ......)..# #
#.#.#############.### #.#.#
#####..## #.#.. #........
#.### #.####..#


You could see a giant gecko.

Table legend:
 A = Turns spent in this place as a percentage of turns spent in the entire game.
 B = Non-inter-level travel turns spent in this place as a percentage of non-inter-level travel turns spent in the entire game.
 C = Inter-level travel turns spent in this place as a percentage of turns spent in this place.
 D = Turns resting spent in this place as a percentage of non-inter-level travel turns spent in this place.
 E = Turns spent auto-exploring this place as a percentage of non-inter-level travel turns spent in this place.
 F = Non-inter-level travel turns spent in this place divided by the number of levels of this place that you've seen.
                   A       B       C       D       E      F
               +-------+-------+-------+-------+-------+----------------------
         Total | 100.0 | 100.0 |   0.3 |   0.7 |   2.7 | 1508.0
       Dungeon | 100.0 | 100.0 |   0.3 |   0.7 |   2.7 | 1508.0
               +-------+-------+-------+-------+-------+----------------------

Table legend:
 A = Kills in this place as a percentage of kills in entire the game.
 B = Kills by you in this place as a percentage of kills by you in the entire game.
 C = Kills by friends in this place as a percentage of kills by friends in the entire game.
 D = Other kills in this place as a percentage of other kills in the entire game.
 E = Experience gained in this place as a percentage of experience gained in the entire game.
 F = Experience gained in this place divided by the number of levels of this place that you have seen.
                   A       B       C       D       E      F
               +-------+-------+-------+-------+-------+----------------------
         Total | 100.0 | 100.0 |  -nan |  -nan | 100.0 |  45.5
       Dungeon | 100.0 | 100.0 |  -nan |  -nan | 100.0 |  45.5
               +-------+-------+-------+-------+-------+----------------------

Vanquished Creatures
  2 adders (D:2)
  2 worms (D:2)
  A giant gecko (D:2)
  A ball python (D:1)
  7 bats
  2 giant cockroaches
  5 goblins (D:1)
  3 hobgoblins
  A jackal (D:2)
  7 kobolds
  A giant newt (D:2)
  7 rats
39 creatures vanquished.

Notes
Turn   | Place    | Note
--------------------------------------------------------------
     0 | D:1      | gw the Draconian Fighter began the quest for the Orb.
     0 | D:1      | Reached XP level 1. HP: 19/19 MP: 1/1
   231 | D:1      | Reached XP level 2. HP: 26/26 MP: 2/2
   985 | D:2      | Reached XP level 3. HP: 31/31 MP: 3/3
  1657 | D:2      | Noticed Sigmund
  1687 | D:2      | HP: 1/33 [something (3)]
  1688 | D:2      | Slain by a giant gecko

Action                   || total
-------------------------++-------
Melee: Flail             ||   124
  Use: Potion            ||     1
 Stab: Sleeping          ||     1
       Distracted        ||     1
  Eat: Chunk             ||     3

Vault maps used:
D:1:      lemuel_arrival_tunnels
D:2:      first_bread, uniq_sigmund
